AoeStats
← Mad King

Arena

508850298Analyzed
1v1 RM · 6d ago on Sep 24, 2026· 41m 39s· 2 players
Game mode
Random Map
Map size
Tiny (2 player)
Population
200
Speed
Normal
Resources
Standard
Victory
Conquest
Starting age
Dark Age
Ending age
Imperial Age
RankedLock teamsTeams togetherTeam positionsShared explorationLock speedFull tech treeHidden civsTurbo modeCheats
Victory
Defeat
🇦🇹 Hindustanis · Austria
577
+13
🇬🇧 Britons · United Kingdom
500
-13
matt34578
11:28 Feudal Age
11:30 Loom
13:09 Double-Bit Axe
13:06 Horse Collar
14:03 Loom
17:01 Castle Age
18:46 Fervor
19:45 Wheelbarrow
20:52 Gold Mining
20:52 Stone Mining
21:17 Bow Saw
21:10 Heavy Plow
26:21 Gold Shaft Mining
26:14 Hand Cart
26:46 Masonry
27:30 Fortified Wall
27:30 Town Watch
28:13 Yeomen
28:32 Town Patrol
33:12 Imperial Age
30:41 Fletching
31:20 Bodkin Arrow
32:20 Padded Archer Armor
33:42 Ballistics
33:21 Murder Holes
34:08 Warwolf
37:04 Light Cavalry
37:48 Husbandry
37:58 Scale Barding Armor
38:04 Forging
39:45 Chain Barding Armor
40:23 Iron Casting
Mad King
11:50 Feudal Age
15:33 Castle Age
14:58 Double-Bit Axe
18:49 Horse Collar
22:48 Elite Skirmisher
23:34 Thumb Ring
25:55 Heavy Plow
26:46 Fletching
32:42 Imperial Age
33:22 Grand Trunk Road
33:38 Grand Trunk Road
34:45 Chemistry
34:25 Bodkin Arrow
34:42 Forging
38:36 Bow Saw
38:29 Bracer
Connection lost

Rejoining the realm…

Still unreachable

The connection could not be restored.

Session expired

The server has moved on; the page needs a fresh start.